 Dungeon Crawl Stone Soup version 0.31-a0-150-g89dc3ad700 (webtiles) character file.

Game seed: 16395461980595107024

11163 Ofeo the Slicer (level 11, -4/60 HPs)
             Began as a Vine Stalker Brigand on June 9, 2023.
             Was a Priest of Wu Jian.
             Engulfed by a smoke demon's steam (11 damage)
             ... summoned by a kobold demonologist
             ... on level 10 of the Dungeon.
             The game lasted 00:31:36 (12967 turns).

Ofeo the Slicer (Vine Stalker Brigand)             Turns: 12967, Time: 00:31:36

Health: -4/60      AC: 11    Str: 14    XL:     11   Next: 73%
Magic:  0/12       EV: 17    Int: 11    God:    Wu Jian [***...]
Gold:   585        SH:  5    Dex: 24    Spells: 10/10 levels left

rFire   . . .        C - +3 short sword of Chaos {flame, rN+ rCorr Dex+4 Stlth-}
rCold   . . .        (no shield)
rNeg    + + .        J - +0 acid dragon scales
rPois   +            F - +0 helmet
rElec   .            E - +2 cloak {rPois}
rCorr   +            (no gloves)
SInv    .            I - +0 pair of boots
Will    +....        n - amulet of reflection
Stlth   ++           B - ring of positive energy
HPRegen 1.10/turn    (no ring)
MPRegen 0.13/turn

%: reflection, guardian spirit
@: spiked
A: fangs 3, regeneration 1, magic shield, antimagic bite, no potion heal 2
a: Renounce Religion, Wall Jump, Serpent's Lash


You were on level 10 of the Dungeon.
You worshipped Wu Jian.
Wu Jian was most pleased with you.
You visited 1 branch of the dungeon, and saw 10 of its levels.
You also visited: Ossuary.

You collected 585 gold pieces.

Inventory:

Hand Weapons
 a - a +2 dagger
 c - a +0 rapier
 C - the +3 short sword of Chaos (weapon) {flame, rN+ rCorr Dex+4 Stlth-}
   (You found it on level 2 of the Dungeon)

   Dex:       It affects your dexterity (+4).
   rN:        It protects you from negative energy.
   rCorr:     It protects you from acid and corrosion.
   Stlth:     It makes you less stealthy.
 L - a +2 scimitar
Missiles
 d - 26 poisoned darts
 h - 3 silver javelins
 r - 5 javelins
 D - 3 curare-tipped darts
Armour
 E - a +2 cloak of poison resistance (worn)
 F - a +0 helmet (worn)
 I - a +0 pair of boots (worn)
 J - +0 acid dragon scales (worn)
Jewellery
 b - a ring of poison resistance
 l - a ring of fire
 n - an amulet of reflection (around neck)
 A - a ring of resist corrosion
 B - a ring of positive energy (left hand)
 O - the ring "Qydgh" {Fly rC+ Will+ MP+9 Stlth-}
   (You found it on level 9 of the Dungeon)

   [ring of magical power]

   rC:        It protects you from cold.
   MP:        It affects your magic capacity (+9).
   Fly:       It grants you flight.
   Will:      It increases your willpower.
   Stlth:     It makes you less stealthy.
 P - a ring of fire
Wands
 t - a wand of digging (4) {@v1}
 u - a wand of flame (113)
 K - a wand of mindburst (1)
 N - a wand of polymorph (7)
Scrolls
 f - 3 scrolls of fog
 g - a scroll of teleportation {@r3}
 i - 5 scrolls of identify {@r1}
 j - 2 scrolls of silence
 k - 5 scrolls of noise
 m - 2 scrolls of fear
 x - 2 scrolls of magic mapping
 y - 3 scrolls of immolation
 G - 2 scrolls of amnesia {unknown}
 M - 2 scrolls of vulnerability {unknown}
Potions
 e - 2 potions of degeneration
 o - 2 potions of brilliance
 p - a potion of might {@q4}
 q - 2 potions of curing {@q1}
 s - 4 potions of attraction
 v - a potion of enlightenment {unknown}
 w - a potion of cancellation {unknown}
 z - 4 potions of mutation {unknown}
 H - a potion of invisibility {unknown}


   Skills:
 + Level 8.6 Fighting
 + Level 8.7 Short Blades
 + Level 8.6 Throwing
 + Level 7.7 Dodging
 - Level 4.9 Stealth


You had 10 spell levels left.
You didn't know any spells.
Your spell library contained the following spells:

 Spells                   Type           Power      Damage    Failure   Level
 Magic Dart               Conj           0%         1d3       45%         1
 Sting                    Tmut/Pois      0%         1d3       45%         1
 Summon Small Mammal      Summ           0%         N/A       45%         1
 Call Imp                 Summ           0%         N/A       61%         2
 Ensorcelled Hibernation  Hex/Ice        0%         N/A       61%         2
 Poisonous Vapours        Pois/Air       0%         N/A       61%         2
 Call Canine Familiar     Summ           0%         N/A       83%         3
 Dazzling Flash           Conj/Hex       0%         N/A       83%         3
 Mephitic Cloud           Conj/Pois/Air  0%         N/A       83%         3
 Ozocubu's Armour         Ice            0%         N/A       83%         3
 Spider Form              Tmut/Pois      0%         N/A       83%         3
 Summon Guardian Golem    Hex/Summ       0%         N/A       83%         3
 Tukima's Dance           Hex            0%         N/A       83%         3
 Volatile Blastmotes      Fire/Tloc      0%         2d10      83%         3
 Anguish                  Hex/Necr       0%         N/A       99%         4
 Iskenderun's Mystic Bla  Conj/Tloc      0%         2d3       99%         4
 Olgreb's Toxic Radiance  Pois           0%         N/A       99%         4
 Passage of Golubria      Tloc           0%         N/A       99%         4
 Metabolic Englaciation   Hex/Ice        0%         N/A       100%        5
 Yara's Violent Unravell  Hex/Tmut       0%         3d3       100%        5
 Simulacrum               Ice/Necr       0%         N/A       100%        6
 Starburst                Conj/Fire      0%         6d3       100%        6


Dungeon Overview and Level Annotations

Branches:
Dungeon (10/15)            Temple (0/1) D:7             Orc (0/2) D:10
Ossuary (visited)
   Lair: D:8-11

Altars:
Cheibriados
Elyvilon
Fedhas
Hepliaklqana
Kikubaaqudgha
Nemelex Xobeh
Okawaru
Qazlal
Ru
Sif Muna
Uskayaw
Wu Jian
Xom
Zin


Innate Abilities, Weirdness & Mutations

You have razor-sharp teeth.
Your natural rate of healing is unusually fast.
When hurt, damage is shared between your health and your magic reserves.
Your bite disrupts and absorbs the magic of your enemies.
Potions cannot restore your health.


Message History

The shadow imp closely misses you.
You take 3 damage, and have 28/60 hp.
You now have 5/12 mp.
You hit the smoke demon.
The smoke demon is lightly wounded.
The smoke demon hits you. The smoke demon barely misses you.
The smoke demon hits you but does no damage.
You take 1 damage, and have 27/60 hp.
You completely miss the smoke demon. Your bite misses the smoke demon.
The smoke demon is lightly wounded.
The red devil completely misses you. You block the shadow imp's attack.
The smoke demon hits you but does no damage.
The smoke demon closely misses you. The smoke demon misses you.
The barbs in your skin will harm you if you move.
Continue?
The barbed spikes dig painfully into your body as you move.
You see here a killer bee corpse.
You take 1 damage, and have 27/60 hp.
The barbed spikes dig painfully into your body as you move.
You take 6 damage, and have 21/60 hp.
You now have 5/12 mp.
The barbed spikes dig painfully into your body as you move.
* * * LOW HITPOINT WARNING * * *
The smoke demon gestures at you. Something smites you!
* * * LOW HITPOINT WARNING * * *
You take 10 damage, and have 11/60 hp.
You now have 3/12 mp.
Okay, then.
The barbed spikes dig painfully into your body as you move.
* * * LOW HITPOINT WARNING * * *
You take 3 damage, and have 8/60 hp.
You now have 2/12 mp.
The barbed spikes dig painfully into your body as you move.
* * * LOW HITPOINT WARNING * * *
The smoke demon gestures at you. The ball of steam misses you.
You take 1 damage, and have 7/60 hp.
The barbed spikes dig painfully into your body as you move.
* * * LOW HITPOINT WARNING * * *
You are engulfed in a cloud of scalding steam.
There is a stone staircase leading up here.
You now have 1/12 mp.
You are engulfed in a cloud of scalding steam.
You die...

#.)...†......########
#.##########.##.....#
#.##########.##.###.# ####
#.##............# #.###...
#.##.####......K###.......
#.##.####§#####†....###...
#.##.##.§§§§3K4)...####...
##.##.##.#§#######.........
#.....##.#@# #..#......
##.##.##÷#.# ##...##...
####..)...########..###...
####.##.####........# #.K.
#....##.# #.#####..# #...
#.##.##.# #.# #..# #...
#.##.##.# #.# #..# #.##
#.##.##.# ##.## #..# #..
#.##.##.###.#.####..# ###


There were no monsters in sight!

Vanquished Creatures
  A two-headed ogre (D:8)
  Sonja (D:10)
  Lodul (D:10)
  2 trolls
  Prince Ribbit (D:9)
  2 hornets
  2 wyverns (D:8)
  7 yaks
  A wraith (D:8)
  Grum (D:10)
  6 steam dragons
  Edmund (D:5)
  An acid dragon (D:8)
  2 water moccasins
  4 orc warriors
  3 sky beasts
  An ice beast (D:7)
  3 black bears
  10 ogres
  3 wolves
  A centaur (D:10)
  A phantom (D:6)
  7 elf zombies (Ossuary)
  Blork the orc (D:6)
  A kobold brigand (D:9)
  3 bullfrogs
  3 gnoll sergeants (D:8)
  4 scorpions
  10 wights
  14 killer bees
  3 howler monkeys (D:9)
  4 centaur zombies (Ossuary)
  3 orc priests
  A hound (D:6)
  Crazy Yiuf (D:5)
  A human zombie (Ossuary)
  A gnoll bouda (D:9)
  6 iguanas
  A sleepcap (D:5)
  Ijyb (D:5)
  9 orc wizards
  4 mummies
  11 gnolls
  7 adders
  3 shadow imps
  2 ufetubi
  3 worms
  3 dart slugs
  27 orcs
  6 bats
  6 endoplasms
  5 giant cockroaches
  6 goblins
  7 hobgoblins
  7 kobolds
  6 quokkas
  4 ball pythons
  3 frilled lizards
  2 kobold zombies (D:5)
  6 rats
247 creatures vanquished.

Notes
Turn   | Place    | Note
-------+----------+-------------------------------------------
     0 | D:1      | Ofeo the Vine Stalker Brigand began the quest for the Orb.
     0 | D:1      | Reached XP level 1. HP: 11/11 MP: 2/2
   247 | D:1      | Found a faded altar of an unknown god.
   296 | D:1      | Reached skill level 1 in Dodging
   296 | D:1      | Reached XP level 2. HP: 15/15 MP: 3/3
  1015 | D:2      | Reached XP level 3. HP: 18/18 MP: 4/4
  1380 | D:2      | Gained mutation: Your natural rate of healing is unusually
                  | fast. [Vine Stalker growth]
  1380 | D:2      | Reached XP level 4. HP: 20/23 MP: 2/5
  1596 | D:2      | You fall into a shaft and drop 2 floors!
  1641 | D:5      | Entered Level 5 of the Dungeon
  1717 | D:5      | Noticed Ijyb
  1748 | D:5      | Killed Ijyb
  1819 | D:5      | Noticed a scorpion
  1876 | D:5      | Noticed a scorpion
  1879 | D:5      | Killed a scorpion
  1880 | D:5      | Reached XP level 5. HP: 27/27 MP: 6/6
  1899 | D:5      | Noticed an ogre
  1908 | D:5      | Killed an ogre
  1909 | D:5      | Reached XP level 6. HP: 18/32 MP: 3/7
  1983 | D:5      | Found a sand-covered staircase.
  1988 | Ossuary  | Entered an ossuary
  2104 | Ossuary  | Reached XP level 7. HP: 19/36 MP: 8/8
  2362 | Ossuary  | Gained mutation: You have razor-sharp teeth. [Vine Stalker
                  | growth]
  2362 | Ossuary  | Reached XP level 8. HP: 39/42 MP: 9/9
  2484 | D:5      | Noticed a troll
  2495 | D:5      | Killed a troll
  2834 | D:5      | Found a runed translucent door.
  2910 | D:5      | Noticed Edmund
  2927 | D:5      | Killed Edmund
  2928 | D:5      | Reached skill level 5 in Fighting
  2928 | D:5      | Reached skill level 5 in Short Blades
  2928 | D:5      | Reached skill level 5 in Throwing
  3178 | D:5      | Noticed Crazy Yiuf
  3364 | D:5      | HP: 2/42 [poisoned by Crazy Yiuf]
  3369 | D:5      | HP: 1/42 [poisoned by Crazy Yiuf]
  4193 | D:4      | Found an ancient bone altar of Kikubaaqudgha.
  4193 | D:4      | Found a sparkling altar of Nemelex Xobeh.
  4196 | D:4      | Found an ornate altar of the Wu Jian Council.
  4198 | D:4      | Found a hide-covered altar of Uskayaw.
  4308 | D:4      | Found a hazy altar of Hepliaklqana.
  4697 | D:4      | Found an iron altar of Okawaru.
  4827 | D:4      | Became a worshipper of the Wu Jian Council
  4870 | D:3      | Found a shimmering altar of Xom.
  5164 | D:3      | Found a glowing silver altar of Zin.
  5258 | D:3      | Found a sacrificial altar of Ru.
  5585 | D:3      | Reached XP level 9. HP: 47/47 MP: 8/10
  5865 | D:2      | Identified the +3 short sword of Chaos {flame, rN+ rCorr
                  | Dex+4 Stlth-}
  6678 | D:5      | Killed Crazy Yiuf
  7616 | D:6      | Noticed Blork the orc
  7617 | D:6      | Killed Blork the orc
  7647 | D:6      | Reached * piety under Wu Jian
  7663 | D:6      | Reached skill level 5 in Dodging
  7807 | D:6      | Found a stormy altar of Qazlal.
  8093 | D:6      | Found a shimmering blue altar of Sif Muna.
  8093 | D:6      | Identified the +0 ring mail of the Komodo Dragon {rElec
                  | Str+4}
  8408 | D:7      | Found a white marble altar of Elyvilon.
  8501 | D:7      | Found a staircase to the Ecumenical Temple.
  9315 | D:7      | Reached XP level 10. HP: 25/53 MP: 11/11
 10341 | D:8      | Noticed a two-headed ogre
 10448 | D:8      | Killed a two-headed ogre
 10614 | D:8      | Reached ** piety under Wu Jian
 10899 | D:9      | Noticed Prince Ribbit
 10912 | D:9      | Killed Prince Ribbit
 10945 | D:9      | Reached XP level 11. HP: 49/59 MP: 10/12
 11159 | D:9      | Identified the ring "Qydgh" {Fly rC+ Will+ MP+9 Stlth-}
 11278 | D:9      | Found a snail-covered altar of Cheibriados.
 11339 | D:9      | Found a blossoming altar of Fedhas.
 11944 | D:10     | Entered Level 10 of the Dungeon
 11949 | D:10     | Noticed Sonja
 11962 | D:10     | Killed Sonja
 12024 | D:10     | Found a staircase to the Orcish Mines.
 12029 | D:10     | Paralysed by a hornet for 2 turns
 12151 | D:10     | Reached *** piety under Wu Jian
 12189 | D:10     | Noticed Lodul
 12245 | D:10     | Killed Lodul
 12373 | D:10     | Noticed Grum
 12586 | D:10     | Killed Grum
 12967 | D:10     | Engulfed by a smoke demon's steam

Illustrated notes

Levels and vault maps discovered:
D:1:      enne_arrival_octagon_isle, layout_basic,
          dreamdust_ecumenical_altar_statues, nicolae_figureground_pulse
D:2:      layout_loops_ring, kennysheep_generic_room_15
D:3:      layout_basic, marbit_many_paths, mainiacjoe_overflow_surrounded_room,
          lemuel_crystal_altar
D:4:      layout_loops_corners, hellmonk_okawaru_the_only_friend_you_need,
          nzn_hepliaklqana_mist_gate, minitemple, grunt_ministairs_13
D:5:      layout_loops_cross, nicolae_ossuary_entry_giza,
          uniq_crazy_yiuf_cottage, uniq_edmund, uniq_ijyb
D:6:      corexii_shack_village, layout_cave_pools,
          nicolae_qazlal_beasts_of_the_sky, lemuel_coloured_pillars_altar,
          chequers_serial_rivers_micro_a, uniq_blork_the_orc
D:7:      layout_loops_corners, mainiacjoe_overflow_24_doors,
          minmay_temple_entry_antechambers, hangedman_decor_growths
D:8:      minmay_s_stair_smasher, layout_basic
D:9:      layout_long_grid, general_overflow_altar, slow_altar_2,
          ebering_dispersal_statue_hall, mrwooster_statue_mirror,
          kennysheep_boxes, uniq_prince_ribbit1
D:10:     minmay_shrinking_squares, layout_loops_ring, david_orc_3,
          kb_lookout_dungeons_type, uniq_grum, uniq_lodul, uniq_sonja

Skill      XL: |  1  2  3  4  5  6  7  8  9 10 11 |
---------------+----------------------------------+-----
Dodging        | 1 2 3 4 5 6 7 |  7.7
Short Blades   | 2 3 4 5 6 7 8 |  8.7
Fighting       | 2 3 4 5 6 7 8 |  8.6
Throwing       | 2 3 4 5 6 7 8 |  8.6
Stealth        | |  4.9

Action                     |  1- 3 |  4- 6 |  7- 9 | 10-12 || total
---------------------------+-------+-------+-------+-------++-------
  Melee: Dagger            |    72 |   120 |   328 |       ||   520
         Bite              |    11 |    37 |   197 |   201 ||   446
         Punch             |       |     2 |    14 |    10 ||    26
         Short sword       |       |       |   200 |   515 ||   715
  Throw: Dart              |     2 |    20 |    19 |    11 ||    52
         Javelin           |       |       |     5 |     8 ||    13
Ability: Lunge             |       |       |    25 |    25 ||    50
         Whirlwind         |       |       |       |    26 ||    26
  Evoke: Wand              |       |       |       |     9 ||     9
    Use: Potion            |     2 |       |     2 |       ||     4
         Scroll            |       |     8 |     9 |     3 ||    20
   Stab: Sleeping          |    11 |     5 |    17 |       ||    33
         Distracted        |       |       |     2 |       ||     2
 Armour: Robe              |    11 |     1 |       |       ||    12
         Skin              |    15 |       |       |       ||    15
         Leather armour    |       |    12 |    79 |     1 ||    92
         Acid dragon scale |       |       |       |   100 ||   100
  Dodge: Dodged            |    23 |    51 |   192 |   281 ||   547
  Block: Other             |       |       |    25 |    71 ||    96
         Reflection        |       |       |       |     2 ||     2

Table legend: (Time is in decaauts)
 A = Elapsed time spent in this place.
 B = Non-inter-level travel time spent in this place.
 C = Inter-level travel time spent in this place.
 D = Time resting spent in this place.
 E = Time spent auto-exploring this place.
 F = Levels seen in this place.
 G = Mean time per level.
                   A        B        C        D        E       F      G
               +--------+--------+--------+--------+--------+-----+--------+
         Total |  12654 |  12050 |    604 |    502 |   8806 |  11 | 1150.4 |
       Dungeon |  12240 |  11636 |    604 |    493 |   8806 |  10 | 1224.0 |
       Ossuary |    413 |    413 |      0 |      9 |      0 |   1 |  413.0 |
               +--------+--------+--------+--------+--------+-----+--------+

Top non-repeatable levels by time:
     D:5: 2501 daAuts
     D:4: 1418 daAuts
     D:8: 1356 daAuts
     D:7: 1208 daAuts
     D:9: 1166 daAuts
     D:2: 1090 daAuts
     D:3: 1064 daAuts
    D:10: 870 daAuts
     D:1: 862 daAuts
     D:6: 701 daAuts
 Ossuary: 413 daAuts
